 Dungeon Crawl Stone Soup version 0.19.1-1-g22dce08 (webtiles) character file.

303 Gargoyl the Skirmisher (level 6, 0/53 HPs)
             Began as a Ghoul Abyssal Knight on Jan 14, 2017.
             Was a Believer of Lugonu.
             Slain by a worm (6 damage)
             ... on level 3 of the Dungeon.
             The game lasted 00:05:31 (2988 turns).

Gargoyl the Skirmisher (Ghoul Abyssal Knight)       Turns: 2988, Time: 00:05:32

Health: 0/53       AC: 10    Str: 19    XL:     6   Next: 38%
Magic:  7/7        EV:  8    Int:  7    God:    Lugonu [**....]
Gold:   228        SH:  0    Dex: 10    Spells: 0 memorised, 5 levels left

rFire  . . .     SeeInvis .     a - +1 hand axe
rCold  + . .     Gourm    .     m - +0 chain mail
rNeg   + + +     Faith    .     (no shield)
rPois  ∞         Spirit   .     w - +0 helmet
rElec  .         Reflect  .     (no cloak)
rCorr  .         Harm     .     (no gloves)
MR     .....                    (no boots)
Stlth  ..........               (no amulet)
                                (no ring)
                                e - +3 ring of strength

@: rotting
A: rotting body, claws 1, carnivore 3, cold resistance 1, negative energy
resistance 3, slow regeneration 1, torment resistance, unbreathing
a: Depart the Abyss, Bend Space, Renounce Religion


You were on level 3 of the Dungeon.
You worshipped Lugonu.
Lugonu was pleased with you.
You were not hungry.

You visited 1 branch of the dungeon, and saw 4 of its levels.
You visited the Abyss 1 time.

You collected 228 gold pieces.

Inventory:

Hand Weapons
 a - a +1 hand axe (weapon)
Missiles
 u - 7 javelins (quivered)
Armour
 m - a +0 chain mail (worn)
 w - a +0 helmet (worn)
Jewellery
 e - a +3 ring of strength (left claw)
Wands
 r - a wand of lightning (6/15)
Scrolls
 b - a scroll of amnesia {unknown}
 g - a scroll of enchant weapon {unknown}
 h - 2 scrolls of remove curse {unknown}
 j - a scroll of immolation {unknown}
 l - 3 scrolls of identify
 o - a scroll of fear {unknown}
 q - a scroll of magic mapping {unknown}
Potions
 d - a potion of curing
 f - a potion of might {unknown}
 i - a potion of lignification {unknown}
 k - a potion of haste
 n - 2 potions of flight {unknown}
 s - a potion of magic {unknown}
 v - 2 potions of ambrosia {unknown}
Comestibles
 c - 3 meat rations
 p - a chunk of flesh
 t - a royal jelly


   Skills:
 + Level 4.3 Fighting
 + Level 3.3 Axes
 * Level 3.3 Armour
 + Level 1.5 Dodging
 * Level 3.7 Invocations


You had 5 spell levels left.
You didn't know any spells.

Dungeon Overview and Level Annotations

Branches:
Dungeon (4/15)
 Temple: D:4-7

Altars:
Dithmenos
Hepliaklqana
Makhleb
Qazlal
Trog

Shops:
D:4 *


Innate Abilities, Weirdness & Mutations

Your body is rotting away.
You thrive on raw meat.
You are immune to poison.
You have sharp fingernails.
You are carnivorous and can eat meat at any time.
Your flesh is cold resistant. (rC+)
You are immune to negative energy. (rN+++)
You regenerate slowly when monsters are visible.
You are immune to unholy pain and torment.
You can survive without breathing.


Message History

You kill the rat!
Lugonu accepts your kill.
The worm looks more energetic.
You see here a rat corpse.
The worm bites you but does no damage.
You hit the worm but do no damage. You hit the worm.
The worm is moderately wounded.
The worm bites you.
* * * LOW HITPOINT WARNING * * *
You hit the worm.
The worm is heavily wounded.
The worm bites you!
* * * LOW HITPOINT WARNING * * *
You hit the worm.
The worm is heavily wounded.
You hit the worm but do no damage.
The worm is heavily wounded.
The worm bites you.
You die...

....#....# #..#
.).......# #..#
#.......## #..#
###....######..# ###
#######.......# # #.. ..
....###...# # #.# #.
##.#.##...# #
#.######.##.........# #
#..<.......†@w.....##
#####)#######.#...###.##
..=..............## #.#
#####.##########.# #.(
...<..# #.# #... #####.#
#.# #...# #.# #.# #.##
#.# #.# #.# #.#


You could see a worm.

Vanquished Creatures
  A bullfrog (D:4)
  A howler monkey (D:4)
  An orc wizard (D:4)
  A worker ant (D:3)
  Robin (D:3)
  5 adders
  3 oozes
  A worm (D:2)
  2 dart slugs
  2 leopard geckos (D:3)
  4 orcs
  A ball python (D:3)
  A giant cockroach (D:4)
  13 goblins
  10 hobgoblins
  9 jackals
  5 bats
  4 frilled lizards
  8 kobolds
  A quokka skeleton (D:4)
  6 rats
80 creatures vanquished.

Notes
Turn   | Place    | Note
-------+----------+-------------------------------------------
     0 | Abyss:1  | Gargoyl the Ghoul Abyssal Knight began the quest for the Orb.
     0 | Abyss:1  | Reached XP level 1. HP: 19/19 MP: 1/1
   182 | Abyss:3  | Noticed a tentacled starspawn
   184 | Abyss:3  | Noticed a vampire mage
   187 | D:1      | Escaped the Abyss
   411 | D:1      | Reached XP level 2. HP: 21/25 MP: 2/2
   426 | D:1      | Reached skill level 1 in Dodging
   614 | D:1      | Reached * piety under Lugonu
   972 | D:1      | Reached XP level 3. HP: 33/33 MP: 3/3
  1776 | D:2      | You fall through a shaft for 2 floors!
  1787 | D:4      | Reached XP level 4. HP: 27/40 MP: 3/5
  1795 | D:4      | Found Mymit's Assorted Antiques.
  1796 | D:4      | Noticed a bullfrog
  1809 | D:4      | Reached skill level 4 in Fighting
  1813 | D:4      | Reached XP level 5. HP: 21/46 MP: 6/6
  1949 | D:3      | Found a shadowy altar of Dithmenos.
  2077 | D:3      | Found a stormy altar of Qazlal.
  2106 | D:3      | Reached ** piety under Lugonu
  2141 | D:3      | Noticed Robin
  2142 | D:3      | Reached XP level 6. HP: 50/52 MP: 7/7
  2157 | D:3      | Killed Robin
  2262 | D:2      | Found a burning altar of Makhleb.
  2264 | D:2      | Found a hazy altar of Hepliaklqana.
  2917 | D:3      | Noticed a moth of wrath
  2920 | D:3      | Found a bloodstained altar of Trog.
  2988 | D:3      | Slain by a worm

Skill      XL: |  1  2  3  4  5  6 |
---------------+-------------------+-----
Armour         | 2 3 |  3.3
Dodging        | 1 |  1.5
Axes           | 2 3 |  3.3
Fighting       | 4 |  4.3
Invocations    | 3 |  3.7

Action                   |  1- 3 |  4- 6 || total
-------------------------+-------+-------++-------
Melee: Hand axe          |    98 |   171 ||   269
Invok: Depart the Abyss  |     1 |       ||     1
  Use: Scroll            |     1 |     2 ||     3
       Potion            |       |     2 ||     2
  Eat: Chunk             |    12 |    21 ||    33
Armor: Leather armour    |    11 |       ||    11
       Chain mail        |    55 |   141 ||   196
Dodge: Dodged            |    58 |   100 ||   158
